2442 views
Uploaded 2021-08-10 15:46:54
Game version 1.32.10
43:01 long 1on1 ladder game on (2)NorthernIsles
Saved by aom
2442 views
Uploaded 2021-08-10 15:46:54
Game version 1.32.10
43:01 long 1on1 ladder game on (2)NorthernIsles

63 units @ 9.5k
/ 1.3k
33 buildings @ 5.4k
/ 1.5k



| Rod of Necromancy | 4 | 600 |
| Ritual Dagger | 1 | 125 |
| Orb of Corruption | 1 | 375 |
| Potion of Healing | 6 | 900 |
| Scroll of Town Portal | 1 | 350 |
| Scroll of Healing | 2 | 500 |
| Periapt of Vitality | 1 | 325 |
| Circlet of Nobility | 1 | 175 |
| Ring of Protection +3 | 1 | 125 |
| Talisman of Evasion | 1 | 300 |
| total: | 19 | 3775g |
| Acolyte | 18 | 1350 | / | 0 |
| Ghoul | 17 | 2040 | / | 0 |
| Crypt Fiend | 12 | 2580 | / | 480 |
| Abomination | 5 | 1200 | / | 350 |
| Obsidian Statue | 8 | 1600 | / | 280 |
| Gargoyle | 2 | 350 | / | 60 |
| Goblin Shredder | 1 | 375 | / | 100 |
| total: | 63 | 9495g | / | 1270w |
| Nerubian Tower | 4 | 400 | / | 80 |
| Altar of Darkness | 3 | 540 | / | 150 |
| Ziggurat | 8 | 1200 | / | 400 |
| Crypt | 5 | 1000 | / | 250 |
| Tomb of Relics | 9 | 1170 | / | 270 |
| Graveyard | 2 | 430 | / | 0 |
| Necropolis | 3 | 675 | / | 0 |
| Slaughterhouse | 2 | 280 | / | 270 |
| Sacrificial Pit | 1 | 75 | / | 150 |
| Halls of the Dead | 1 | 320 | / | 210 |
| Black Citadel | 1 | 325 | / | 230 |
| total: | 33 | 5370g | / | 1490w |
| 0:03 | Acolyte |
| 0:05 | Altar of Darkness |
| 0:06 | Ziggurat |
| 0:13 | Acolyte |
| 0:37 | Crypt |
| 0:56 | Tomb of Relics |
| 1:27 | Graveyard |
| 1:31 | Graveyard |
| 1:38 | Ghoul |
| 1:38 | Ghoul |
| 1:49 | Ghoul |
| 2:02 | Ghoul |
| 2:06 | Rod of Necromancy |
| 2:08 | Sleep |
| 2:20 | Ghoul |
| 2:36 | Cannibalize |
| 3:08 | Halls of the Dead |
| 3:13 | Nerubian Tower |
| 3:42 | Ziggurat |
| 3:46 | Rod of Necromancy |
| 4:00 | Unholy Strength |
| 4:20 | Vampiric Aura |
| 4:32 | Unholy Armor |
| 4:34 | Crypt Fiend |
| 5:01 | Crypt Fiend |
| 5:25 | Creature Attack |
| 6:24 | Ziggurat |
| 6:26 | Black Citadel |
| 6:27 | Crypt Fiend |
| 6:55 | Vampiric Aura |
| 7:04 | Crypt Fiend |
| 7:19 | Creature Carapace |
| 7:34 | Crypt Fiend |
| 7:41 | Burrow |
| 8:30 | Ziggurat |
| 8:32 | Impale |
| 9:13 | Periapt of Vitality |
| 9:15 | Circlet of Nobility |
| 9:46 | Howl of Terror |
| 10:06 | Ring of Protection +3 |
| 10:12 | Talisman of Evasion |
| 10:27 | Ghoul Frenzy |
| 11:42 | Web |
| 11:48 | Spiked Carapace |
| 11:54 | Goblin Shredder |
| 12:31 | Sleep |
| 12:59 | Acolyte |
| 13:00 | Acolyte |
| 13:00 | Acolyte |
| 13:00 | Acolyte |
| 13:25 | Necropolis |
| 13:28 | Acolyte |
| 13:28 | Acolyte |
| 13:40 | Slaughterhouse |
| 13:41 | Slaughterhouse |
| 13:49 | Rain of Fire |
| 13:56 | Improved Creature Attack |
| 15:08 | Abomination |
| 15:12 | Crypt Fiend |
| 15:27 | Acolyte |
| 15:28 | Acolyte |
| 15:29 | Acolyte |
| 15:35 | Disease Cloud |
| 15:47 | Rod of Necromancy |
| 16:03 | Destroyer Form |
| 16:05 | Obsidian Statue |
| 16:11 | Ritual Dagger |
| 16:27 | Scroll of Town Portal |
| 16:33 | Crypt Fiend |
| 16:55 | Necropolis |
| 17:20 | Tomb of Relics |
| 17:21 | Tomb of Relics |
| 17:58 | Abomination |
| 18:06 | Ziggurat |
| 18:08 | Tomb of Relics |
| 18:13 | Ziggurat |
| 18:16 | Tomb of Relics |
| 18:27 | Tomb of Relics |
| 18:29 | Acolyte |
| 18:29 | Acolyte |
| 18:39 | Obsidian Statue |
| 18:46 | Improved Unholy Armor |
| 18:55 | Necropolis |
| 19:49 | Spiked Carapace |
| 20:10 | Rain of Fire |
| 20:38 | Altar of Darkness |
| 20:42 | Altar of Darkness |
| 20:49 | Abomination |
| 20:50 | Crypt Fiend |
| 20:53 | Advanced Unholy Armor |
| 20:57 | Acolyte |
| 20:57 | Acolyte |
| 20:58 | Acolyte |
| 20:59 | Acolyte |
| 21:01 | Nerubian Tower |
| 21:10 | Acolyte |
| 21:24 | Crypt Fiend |
| 21:28 | Obsidian Statue |
| 22:47 | Abomination |
| 22:48 | Crypt Fiend |
| 23:09 | Obsidian Statue |
| 23:10 | Crypt Fiend |
| 23:40 | Sacrificial Pit |
| 23:47 | Crypt |
| 23:48 | Crypt |
| 23:52 | Crypt |
| 23:56 | Crypt |
| 24:13 | Tomb of Relics |
| 24:14 | Ziggurat |
| 24:32 | Orb of Corruption |
| 24:36 | Scroll of Healing |
| 24:45 | Potion of Healing |
| 25:00 | Ghoul |
| 25:04 | Ghoul |
| 25:32 | Ghoul |
| 25:33 | Ghoul |
| 25:55 | Ghoul |
| 25:55 | Ghoul |
| 25:55 | Ghoul |
| 26:13 | Vampiric Aura |
| 26:33 | Ghoul |
| 26:34 | Ghoul |
| 26:35 | Ghoul |
| 27:27 | Gargoyle |
| 27:52 | Impale |
| 28:12 | Obsidian Statue |
| 28:12 | Obsidian Statue |
| 28:15 | Howl of Terror |
| 28:23 | Crypt Fiend |
| 29:58 | Ghoul |
| 30:11 | Obsidian Statue |
| 30:12 | Abomination |
| 30:21 | Tomb of Relics |
| 30:24 | Tomb of Relics |
| 30:33 | Nerubian Tower |
| 30:39 | Ziggurat |
| 31:56 | Nerubian Tower |
| 32:00 | Ghoul |
| 32:03 | Gargoyle |
| 32:47 | Obsidian Statue |
| 34:17 | Potion of Healing |
| 34:18 | Potion of Healing |
| 34:42 | Inferno |
| 34:49 | Spiked Carapace |
| 35:15 | Potion of Healing |
| 35:17 | Potion of Healing |
| 35:33 | Potion of Healing |
| 35:54 | Scroll of Healing |
| 35:58 | Rod of Necromancy |
| 38:19 | Rain of Fire |
| Select group | 2313 |
| Select | 1323 |
| Right click | 1201 |
| Misc. action | 206 |
| Build/train/purchase | 193 |
| Use ability | 165 |
| Assign group | 65 |
| Item give/drop | 16 |
| Chat | 12 |
| Remove unit | 1 |
| Minimap ping | 1 |
54 units @ 9.3k
/ 1.7k
37 buildings @ 5.4k
/ 2.9k


| Healing Salve | 10 | 1000 |
| Scroll of Speed | 1 | 50 |
| Orb of Lightning | 2 | 750 |
| Lesser Clarity Potion | 4 | 280 |
| Tiny Great Hall | 1 | 600 |
| Scroll of Town Portal | 1 | 350 |
| Potion of Lesser Invulnerability | 1 | 150 |
| total: | 20 | 3180g |
| Peon | 11 | 825 | / | 0 |
| Troll Headhunter | 9 | 1260 | / | 180 |
| Shaman | 5 | 650 | / | 100 |
| Tauren | 8 | 2240 | / | 640 |
| Spirit Walker | 2 | 390 | / | 70 |
| Raider | 6 | 1080 | / | 240 |
| Troll Berserker | 4 | 560 | / | 80 |
| Kodo Beast | 1 | 255 | / | 60 |
| Demolisher | 1 | 220 | / | 50 |
| Wind Rider | 7 | 1855 | / | 280 |
| total: | 54 | 9335g | / | 1700w |
| Watch Tower | 18 | 1980 | / | 1440 |
| Altar of Storms | 1 | 180 | / | 50 |
| Orc Burrow | 7 | 1120 | / | 280 |
| War Mill | 1 | 205 | / | 0 |
| Barracks | 1 | 180 | / | 50 |
| Voodoo Lounge | 3 | 390 | / | 90 |
| Great Hall | 2 | 770 | / | 370 |
| Spirit Lodge | 1 | 150 | / | 150 |
| Tauren Totem | 2 | 270 | / | 310 |
| Beastiary | 1 | 145 | / | 140 |
| Stronghold | 1 | 315 | / | 190 |
| Fortress | 1 | 325 | / | 190 |
| total: | 37 | 5390g | / | 2880w |
| 0:02 | Peon |
| 0:02 | Peon |
| 0:02 | Peon |
| 0:17 | Altar of Storms |
| 0:24 | Orc Burrow |
| 0:36 | War Mill |
| 0:42 | Peon |
| 0:52 | Peon |
| 1:06 | Peon |
| 1:21 | Barracks |
| 1:26 | Peon |
| 1:43 | Voodoo Lounge |
| 1:47 | Peon |
| 2:20 | Feral Spirit |
| 2:24 | Troll Headhunter |
| 2:30 | Troll Headhunter |
| 2:35 | Stronghold |
| 2:41 | Troll Headhunter |
| 3:21 | Orc Burrow |
| 3:26 | Watch Tower |
| 3:56 | Orc Burrow |
| 3:58 | Spiked Barricades |
| 4:22 | Troll Headhunter |
| 4:43 | Troll Headhunter |
| 5:16 | Chain Lighting |
| 5:19 | Troll Regeneration |
| 5:24 | Spirit Lodge |
| 6:12 | Healing Salve |
| 6:12 | Scroll of Speed |
| 6:19 | War Stomp |
| 6:44 | Shaman Adept Training |
| 6:45 | Fortress |
| 6:59 | Reinforced Defenses |
| 7:25 | Troll Headhunter |
| 7:26 | Steel Ranged Weapons |
| 7:39 | Troll Headhunter |
| 7:59 | Troll Headhunter |
| 8:01 | Shaman |
| 8:39 | Endurance Aura |
| 8:49 | Shaman |
| 8:53 | Tauren Totem |
| 9:20 | Shaman Master Training |
| 9:24 | Feral Spirit |
| 9:31 | Berserker Upgrade |
| 9:49 | Peon |
| 9:49 | Peon |
| 10:03 | Troll Headhunter |
| 10:19 | Orc Burrow |
| 11:04 | Watch Tower |
| 11:35 | War Stomp |
| 11:53 | Tauren |
| 11:57 | Great Hall |
| 12:19 | Potion of Lesser Invulnerability |
| 12:26 | Tauren |
| 12:34 | Watch Tower |
| 12:38 | Watch Tower |
| 13:13 | Chain Lighting |
| 13:21 | Pulverize |
| 13:33 | Peon |
| 13:48 | Scroll of Town Portal |
| 13:48 | Healing Salve |
| 13:49 | Orb of Lightning |
| 15:07 | Endurance Aura |
| 15:35 | Spirit Walker Adept Training |
| 15:40 | Lesser Clarity Potion |
| 15:42 | Healing Salve |
| 15:58 | Healing Salve |
| 16:10 | Lesser Clarity Potion |
| 16:12 | Tiny Great Hall |
| 16:16 | Watch Tower |
| 16:18 | Watch Tower |
| 16:22 | Beastiary |
| 16:39 | Spirit Walker Master Training |
| 16:40 | Spirit Walker |
| 16:48 | Thorium Ranged Weapons |
| 16:52 | Pillage |
| 17:54 | Watch Tower |
| 18:01 | Tauren |
| 18:05 | Ensnare |
| 18:05 | Raider |
| 18:09 | Troll Berserker |
| 18:19 | Voodoo Lounge |
| 18:43 | Shaman |
| 20:05 | Feral Spirit |
| 20:11 | Raider |
| 20:12 | Tauren |
| 20:15 | Troll Berserker |
| 20:21 | War Stomp |
| 20:43 | Raider |
| 20:45 | Troll Berserker |
| 20:47 | Tauren |
| 21:10 | Orc Burrow |
| 21:15 | Orc Burrow |
| 22:40 | Earth Quake |
| 23:03 | Reincarnation |
| 24:05 | Healing Salve |
| 24:12 | Healing Salve |
| 24:26 | Lesser Clarity Potion |
| 24:34 | Watch Tower |
| 24:36 | Watch Tower |
| 24:55 | Healing Salve |
| 26:37 | Tauren |
| 26:38 | Troll Berserker |
| 26:40 | Raider |
| 26:41 | Shaman |
| 27:12 | Chain Lighting |
| 27:52 | Watch Tower |
| 27:54 | Watch Tower |
| 27:59 | Tauren |
| 28:00 | Spirit Walker |
| 28:03 | Tauren Totem |
| 28:08 | Steel Melee Weapons |
| 28:08 | Steel Armor |
| 28:16 | Lesser Clarity Potion |
| 28:16 | Healing Salve |
| 28:27 | Watch Tower |
| 28:33 | War Drums Damage Increase |
| 28:34 | Kodo Beast |
| 28:53 | Burning Oil |
| 28:54 | Demolisher |
| 28:58 | Voodoo Lounge |
| 29:58 | Watch Tower |
| 30:00 | Watch Tower |
| 30:04 | Watch Tower |
| 30:23 | Watch Tower |
| 30:34 | Watch Tower |
| 30:42 | Envenomed Spears |
| 30:42 | Wind Rider |
| 31:40 | Endurance Aura |
| 32:47 | Healing Salve |
| 34:10 | Far Sight |
| 34:59 | Wind Rider |
| 35:00 | Wind Rider |
| 35:02 | Tauren |
| 35:05 | Shaman |
| 35:19 | Great Hall |
| 35:23 | Healing Salve |
| 36:06 | Watch Tower |
| 36:10 | Orc Burrow |
| 36:40 | Wind Rider |
| 38:24 | Shockwave |
| 39:04 | Wind Rider |
| 39:59 | Wind Rider |
| 40:24 | Orb of Lightning |
| 40:47 | Wind Rider |
| 42:03 | Far Sight |
| 42:41 | Raider |
| 42:41 | Raider |
| Right click | 2347 |
| Select group | 1697 |
| Select | 870 |
| Misc. action | 484 |
| Build/train/purchase | 280 |
| Assign group | 106 |
| Use ability | 69 |
| Chat | 32 |
| Item give/drop | 4 |
| Esc | 4 |
| Remove unit | 1 |